Map: Triton LE

Players

PtitDrogo - Winner!

  • Race: Protoss Protoss
  • League: Grandmaster
  • Spawn Location: 11:00

BlyOnFire (Bly)

  • Race: Zerg Zerg
  • League: Grandmaster
  • Spawn Location: 5:00

Event: HomeStory Cup XX

VOD

Have the link to the VOD?

Description

Time

  • Played on: Nov. 22, 2019, 11:04 a.m.
  • Length: 13:40

All games in this series

Show
View Real Time Build Order
Export as new Build Order

PtitDrogo Protoss - Winner!

Build Orders:  

Get SALT Encoding   

  12  0:00  Probe  
  13  0:13  Probe  
  14  0:20  Pylon  
  14  0:25  Probe  
  15  0:34  Probe  
  15  0:40  Gateway  
  15  0:42  Probe  
  16  0:48  Assimilator  
  17  0:52  Probe  
  18  1:04  Probe  
  19  1:13  Pylon  
  19  1:16  Probe  
  20  1:31  Cybernetics Core  
  20  1:33  Pylon, Gateway  
  20  1:35  Probe  
  20  1:39  Pylon  
  21  1:51  Probe  
  21  1:52  Pylon  
  22  1:58  Assimilator  
  22  2:03  Probe  
  23  2:10  Adept  
  23  2:11  Warp Gate  
  23  2:12  Adept  
  25  2:18  Probe  
  28  2:29  Pylon  
  28  2:30  Probe  
  29  2:39  Robotics Facility  
  29  2:42  Probe  
  30  2:51  Stalker  
  31  2:59  Stalker  
  31  3:01  Shield Battery  
  33  3:06  Shield Battery  
  33  3:09  Shield Battery  
  33  3:21  Stalker  
  33  3:24  Immortal  
  39  3:55  Pylon  
  39  4:00  Shield Battery  
  39  4:02  Warp Prism  
  39  4:13  Sentry x2  
  39  4:16  Gateway  
  45  4:27  Pylon  
  45  4:39  Zealot  
  45  4:44  Immortal  
  47  4:53  Stalker  
  53  5:04  Pylon  
  53  5:06  Shield Battery  
  53  5:10  Zealot  
  53  5:21  Zealot  
  53  5:22  Zealot  
  47  5:35  Stalker  
  43  5:42  Stalker  
  43  5:59  Stalker x2  
  47  6:06  Stalker  
  47  6:09  Observer  
  50  6:16  Pylon  
  50  6:17  Sentry  
  52  6:22  Zealot  
  54  6:30  Zealot  
  56  6:35  Pylon  
  56  6:43  Sentry x2  
  60  6:48  Immortal  
  58  7:04  Zealot  
  49  7:08  Zealot x2  
  45  7:31  Sentry  
  45  7:32  Sentry, Zealot  
  51  7:42  Immortal  
  51  7:54  Zealot x2  
  59  8:01  Zealot  
  61  8:17  Zealot x2  
  61  8:24  Zealot  
  47  8:41  Zealot x2  
  47  8:48  Sentry  
  53  8:53  Warp Prism  
  55  9:12  Sentry  
  47  9:21  Sentry x2  
  41  9:45  Stalker x2  
  44  10:09  Zealot x2  
  46  10:21  Zealot  
  48  10:33  Sentry  
  48  10:34  Sentry  
  52  10:43  Sentry  
  54  11:16  Zealot  
  54  11:17  Zealot x2  
  54  11:45  Nexus  
  40  12:04  Stalker x2  
  38  12:21  Probe  
  39  12:27  Sentry x2  
  39  12:28  Sentry  
  45  12:33  Probe  
  46  12:48  Probe  
  47  12:53  Probe  
  47  12:57  Probe  
  48  13:03  Stalker x2  
  48  13:05  Sentry  
  45  13:27  Stalker  
  45  13:28  Stalker x2  
Show
View Real Time Build Order
Export as new Build Order

BlyOnFire Zerg 

Build Orders: Hatch First, Ravager All-In 

Get SALT Encoding   

  12  0:01  Drone  
  13  0:12  Drone  
  14  0:18  Overlord  
  14  0:36  Drone  
  14  0:37  Drone x2  
  17  0:54  Hatchery  
  16  0:59  Drone  
  16  1:00  Drone  
  16  1:03  Extractor  
  17  1:15  Spawning Pool  
  16  1:21  Drone  
  16  1:23  Drone  
  18  1:31  Drone  
  19  1:47  Drone  
  19  1:54  Extractor, Drone  
  20  2:03  Queen  
  20  2:07  Queen  
  24  2:08  Roach Warren  
  24  2:09  Zergling x2  
  24  2:14  Drone  
  25  2:20  Drone  
  26  2:25  Metabolic Boost  
  26  2:29  Drone  
  27  2:37  Drone  
  28  2:48  Overlord  
  27  2:59  Overlord  
  27  3:09  Roach x3  
  27  3:10  Zergling x2  
  27  3:12  Zergling x2  
  35  3:15  Overlord  
  35  3:19  Zergling x2  
  36  3:25  Roach  
  38  3:30  Zergling x2  
  36  3:43  Overlord  
  36  3:44  Drone x3  
  39  3:49  Ravager  
  39  3:54  Ravager x3  
  40  4:00  Roach x2  
  40  4:01  Roach  
  46  4:12  Overlord  
  46  4:15  Roach  
  48  4:25  Ravager, Roach  
  48  4:27  Ravager  
  48  4:31  Zergling x6  
  55  4:40  Zergling x2  
  55  4:41  Zergling x4  
  55  4:43  Ravager  
  57  4:53  Zergling x6  
  58  5:01  Zergling x2  
  58  5:02  Overlord  
  58  5:04  Roach  
  61  5:11  Queen  
  63  5:21  Zergling x6  
  51  5:36  Zergling x2  
  51  5:37  Zergling x8  
  55  5:51  Queen  
  55  5:52  Overlord  
  51  5:58  Roach  
  51  6:03  Overlord  
  53  6:12  Roach x2  
  57  6:19  Roach  
  57  6:22  Zergling x4  
  60  6:31  Ravager  
  60  6:32  Ravager, Roach  
  64  6:35  Ravager  
  65  6:47  Roach  
  65  6:49  Overlord x2  
  65  7:02  Zergling x8  
  60  7:18  Roach x2  
  60  7:26  Zergling x8  
  63  7:31  Ravager  
  64  7:41  Zergling x4  
  66  7:51  Ravager, Overlord  
  67  8:00  Overlord  
  67  8:09  Queen  
  58  8:31  Zergling x10  
  58  8:32  Zergling x8  
  61  8:51  Roach  
  57  9:20  Zergling x12  
  46  9:46  Roach x5  
  54  10:04  Roach x3  
  37  10:29  Ravager x5  
  42  10:47  Hatchery  
  41  10:53  Roach  
  41  10:57  Roach  
  44  11:20  Ravager x2, Overlord  
  39  11:43  Roach x3  
  35  12:06  Roach x3  
  36  12:12  Ravager  
  33  12:28  Ravager x3  
  33  12:48  Zergling x2  
  33  12:49  Zergling x4  
Tags
 
Add a new tag
Caveats
  • Supply blocks, unpowered buildings, or Contaminate may cause inaccurate times.
  • Supply counts are checked every 10 seconds.